 Dungeon Crawl Stone Soup version 0.19.1-1-g22dce08 (webtiles) character file.

19303 dngmouse the Warrior (level 12, -1/184 HPs)
             Began as a Minotaur Berserker on Jan 18, 2017.
             Was a High Priest of Trog.
             Slain by an ogre
             ... wielding a +0 giant club
              (18 damage)
             ... on level 2 of the Orcish Mines.
             The game lasted 00:44:01 (11761 turns).

dngmouse the Warrior (Minotaur Berserker)          Turns: 11761, Time: 00:44:02

Health: -1/184     AC: 16    Str: 30    XL:     12   Next: 35%
Magic:  11/11      EV:  8    Int:  7    God:    Trog [*****.]
Gold:   1096       SH:  0    Dex: 14    Spells: 0 memorised, 11 levels left

rFire  . . .     SeeInvis .     a - +6 executioner's axe (elec)
rCold  . . .     Gourm    .     l - +0 plate armour
rNeg   + . .     Faith    .     (shield currently unavailable)
rPois  .         Spirit   .     S - +1 hat {Int+3}
rElec  .         Reflect  .     O - +2 cloak
rCorr  .         Harm     .     (no gloves)
MR     ++...                    (no boots)
Stlth  ..........               (no amulet)
                                (no ring)
                                V - ring of positive energy

@: berserking, lethally poisoned (-1 -> -2), regenerating, very quick
A: retaliatory headbutt, horns 2, strong 1, no device heal 1
a: Berserk, Trog's Hand, Brothers in Arms, Burn Spellbooks, Renounce Religion


You were on level 2 of the Orcish Mines.
You worshipped Trog.
Trog was extremely pleased with you.
You were hungry.

You visited 2 branches of the dungeon, and saw 12 of its levels.
You also visited: Bailey.

You collected 1356 gold pieces.
You spent 260 gold pieces at shops.

Inventory:

Hand Weapons
 a - a +6 executioner's axe of electrocution (weapon)
 b - a +7 antimagic battleaxe
 c - a +0 war axe of freezing
Missiles
 o - 3 poisoned javelins
 W - 71 tomahawks of returning (quivered)
Armour
 l - a +0 plate armour (worn)
 y - a +0 cloak
 O - a +2 cloak (worn)
 S - a +1 hat of intelligence (worn)
Jewellery
 V - a ring of positive energy (left hand)
Wands
 n - a wand of acid (10/15)
 r - a wand of polymorph (20/24)
 u - a wand of polymorph (14/24)
 B - a wand of iceblast (9/15)
 G - a wand of lightning (10/15)
 H - a wand of random effects (17/48)
 J - a wand of random effects (32/48)
 N - a wand of flame (25/48)
 Q - a wand of flame (11/48)
 T - a wand of iceblast (5/15)
Scrolls
 e - 10 scrolls of identify
 g - 3 scrolls of remove curse
 p - 2 scrolls of teleportation
 w - 3 scrolls of blinking
 x - a scroll of amnesia
 K - 2 scrolls of recharging
Potions
 d - a potion of haste
 f - 4 potions of curing
 h - 6 potions of magic
 q - 2 potions of berserk rage
 t - a potion of flight
 v - a potion of ambrosia
 z - 2 potions of brilliance
 C - a potion of heal wounds
 L - 2 potions of beneficial mutation
 X - a potion of might
Miscellaneous
 j - a fan of gales
Comestibles
 k - a slice of pizza
 m - 27 fruits
 D - 5 beef jerkies
 E - 5 meat rations
 F - 6 bread rations


   Skills:
 + Level 16.3 Fighting
 * Level 16.3 Axes
 - Level 5.3 Armour
 - Level 2.1 Dodging


You had 11 spell levels left.
You didn't know any spells.

Dungeon Overview and Level Annotations

Branches:
Dungeon (10/15)            Temple (0/1) D:6            Lair (0/6) D:9
    Orc (2/2) D:10
    Elf: Orc:2

Altars:
Ashenzari
Cheibriados
Elyvilon
Fedhas
Gozag
Makhleb
Ru
Sif Muna
Uskayaw
Xom
Yredelemnul
Zin

Shops:
D:9 [   Orc:2 ?

Annotations:
D:4 2 runed doors


Innate Abilities, Weirdness & Mutations

You reflexively headbutt those who attack you in melee.
You have a pair of horns on your head.
Your muscles are strong. (Str +2)
Potions and wands are less effective at restoring your health.


Message History

You slice the ogre!!
There is a sudden explosion of sparks!
You feel the power of Trog in you as your rage grows.
You kill the ogre!
Trog accepts your kill.
You slash the ogre!
There is a sudden explosion of sparks!
You feel sick.
Unknown command.
You slice the ogre!!
There is a sudden explosion of sparks!
You kill the ogre!
Trog accepts your kill.
You slash the ogre!
You feel the power of Trog in you as your rage grows.
You kill the ogre!
Trog accepts your kill.
You feel sick.
You slash the ogre!
There is a sudden explosion of sparks!
Your headbutt misses the ogre.
The ogre is almost dead.
You slash the ogre! The ogre closely misses you. You furiously retaliate!
You headbutt the ogre. The ogre hits you with a giant club!!
You die...

##....#.....#
#..........####.
##.#.......###..
##.^.....#.#... ###
####...........# ##...
##.##...........##.....
#...#...........#......
#...#.......)O......
#...........@OO..O..
∩....#.........))#O..O..
......#.......)))# .....
......##.........## #...
.....#............## ##
#.....................
#........#.............
#......................
.....................


You could see a two-headed ogre and 5 ogres.

Vanquished Creatures
  The ghost of Sagrath01 the Basher, a journeyman HuWn of Nemelex Xobeh (Orc:2)
  4 ogre magi (Orc:2)
  Erolcha (D:9)
  The ghost of Stil the Magician, a novice HEWz (D:8)
  A deep elf mage (D:8)
  An orc sorcerer (Orc:1)
  A cyclops (Orc:1)
  Joseph (D:9)
  A centaur zombie (D:10)
  A centaur skeleton (D:10)
  2 trolls (D:10)
  11 two-headed ogres (Orc:2)
  2 hippogriffs
  Sigmund (D:3)
  Grum (D:9)
  6 yaks
  The ghost of Alarkh the Chopper, an amateur DrMo (D:3)
  4 hungry ghosts
  Menkaure (D:4)
  Duvessa (D:5)
  4 orc warriors
  2 ice beasts
  4 phantoms
  A sky beast (D:5)
  3 necrophages (D:8)
  2 black bears
  23 ogres
  4 centaurs
  4 wolves (D:9)
  2 big kobolds
  4 bullfrogs
  A wyvern zombie (D:7)
  Dowan (D:5)
  5 scorpions
  4 killer bees (D:8)
  A troll zombie (D:10)
  8 wights
  2 howler monkeys
  5 crimson imps
  2 bullfrog zombies
  7 hounds
  10 orc priests
  A gnoll shaman (D:7)
  Crazy Yiuf (D:3)
  3 bullfrog skeletons
  12 orc wizards
  3 iguanas
  Natasha (D:3)
  7 worker ants
  5 ogre zombies (D:10)
  Robin (D:4)
  2 hound skeletons
  2 worker ant zombies
  23 gnolls
  2 howler monkey skeletons
  10 adders
  5 shadow imps
  An ooze (D:4)
  2 adder skeletons
  A worm (D:3)
  A dart slug (D:2)
  5 leopard geckos
  40 orcs
  5 bats
  10 giant cockroaches
  23 goblins
  25 hobgoblins
  22 jackals
  7 quokkas
  3 frilled lizards
  A giant cockroach zombie (D:6)
  2 goblin skeletons (D:10)
  A goblin zombie (D:10)
  A hobgoblin skeleton (D:10)
  2 hobgoblin zombies (D:10)
  A jackal skeleton (D:7)
  28 kobolds
  A leopard gecko skeleton (D:6)
  2 orc skeletons (D:10)
  11 orc zombies (D:10)
  A quokka zombie (D:5)
  3 rats (D:2)
419 creatures vanquished.

Notes
Turn   | Place    | Note
-------+----------+-------------------------------------------
     0 | D:1      | dngmouse the Minotaur Berserker began the quest for the Orb.
     0 | D:1      | Reached XP level 1. HP: 19/19 MP: 0/0
   414 | D:1      | Reached XP level 2. HP: 10/27 MP: 1/1
  1178 | D:2      | Found a faded altar of an unknown god.
  1196 | D:2      | Reached XP level 3. HP: 17/33 MP: 2/2
  1413 | D:2      | Reached skill level 5 in Axes
  1464 | D:2      | Reached ** piety under Trog
  1809 | D:3      | Reached XP level 4. HP: 36/40 MP: 3/3
  1882 | D:3      | Noticed Alarkh's ghost (amateur DrMo)
  1897 | D:3      | Killed Alarkh's ghost
  1897 | D:3      | Reached XP level 5. HP: 46/46 MP: 4/4
  1955 | D:3      | Noticed Sigmund
  1966 | D:3      | Killed Sigmund
  1966 | D:3      | Reached XP level 6. HP: 52/52 MP: 5/5
  2108 | D:3      | Noticed Natasha
  2121 | D:3      | Killed Natasha
  2121 | D:3      | Reached XP level 7. HP: 44/59 MP: 6/6
  2136 | D:3      | Reached *** piety under Trog
  2170 | D:3      | You fall through a shaft!
  2573 | D:3      | Found a runed door.
  2577 | D:3      | Noticed Crazy Yiuf
  2582 | D:3      | Killed Crazy Yiuf
  2582 | D:3      | Reached skill level 10 in Axes
  2963 | D:4      | Found a large runed door.
  2963 | D:4      | Found a large runed door.
  2978 | D:4      | Found a large runed door.
  2978 | D:4      | Found a large runed door.
  3012 | D:4      | Noticed a hungry ghost
  3060 | D:4      | Killed a hungry ghost
  3107 | D:4      | Noticed Robin
  3119 | D:4      | Killed Robin
  3119 | D:4      | Reached XP level 8. HP: 56/66 MP: 7/7
  3492 | D:4      | Reached **** piety under Trog
  3511 | D:4      | Found a deep blue altar of Sif Muna.
  3517 | D:4      | Found a basalt altar of Yredelemnul.
  3521 | D:4      | Found a snail-covered altar of Cheibriados.
  3534 | D:4      | Found a white marble altar of Elyvilon.
  3534 | D:4      | Found a blossoming altar of Fedhas.
  3581 | D:4      | Noticed Menkaure
  3591 | D:4      | Killed Menkaure
  3607 | D:4      | Got a pair of faintly humming boots
  3613 | D:4      | Identified the cursed -4 pair of boots "Pilov Inisch" {-Cast +Inv MR+ rCorr Int+2} (You found it on level 4 of the Dungeon)
  3640 | D:5      | Entered Level 5 of the Dungeon
  3806 | D:5      | Noticed Duvessa
  3807 | D:5      | Noticed Dowan
  3815 | D:5      | Killed Duvessa
  3817 | D:5      | Reached skill level 5 in Fighting
  3828 | D:5      | Killed Dowan
  3828 | D:5      | Received a gift from Trog
  4917 | D:5      | Reached XP level 9. HP: 82/82 MP: 8/8
  5469 | D:6      | Found a glowing silver altar of Zin.
  5473 | D:6      | Found an opulent altar of Gozag.
  5473 | D:6      | Found a hide-covered altar of Uskayaw.
  5475 | D:6      | Found a burning altar of Makhleb.
  5476 | D:6      | Found a shattered altar of Ashenzari.
  5478 | D:6      | Found a shimmering altar of Xom.
  5579 | D:6      | Reached skill level 10 in Fighting
  5845 | D:6      | Found a sacrificial altar of Ru.
  5861 | D:6      | Found a staircase to the Ecumenical Temple.
  6487 | D:7      | Reached ***** piety under Trog
  7754 | D:8      | Reached XP level 10. HP: 74/100 MP: 9/9
  7770 | D:8      | Received a gift from Trog
  7787 | D:8      | Noticed a deep elf mage
  7794 | D:8      | Killed a deep elf mage
  7974 | D:8      | Noticed Stil's ghost (novice HEWz)
  7997 | D:8      | Killed Stil's ghost
  8804 | D:9      | Found Iwomp's Antique Armour Emporium.
  8809 | D:9      | Noticed Erolcha
  8820 | D:9      | Killed Erolcha
  8820 | D:9      | Reached XP level 11. HP: 61/111 MP: 3/10
  8831 | D:9      | Bought a glowing hat for 260 gold pieces
  8860 | D:9      | Found a staircase to the Lair.
  8898 | D:9      | Noticed Grum
  8916 | D:9      | Killed Grum
  8960 | D:9      | Reached skill level 5 in Armour
  8964 | D:9      | Received a gift from Trog
  8977 | D:9      | Noticed Joseph
  8987 | D:9      | Killed Joseph
  9117 | D:9      | Found a flagged portal.
  9134 | Bailey   | Entered a bailey
  9485 | Bailey   | Received a gift from Trog
  9937 | D:9      | Reached skill level 15 in Fighting
 10169 | D:10     | Entered Level 10 of the Dungeon
 10226 | D:10     | Found a staircase to the Orcish Mines.
 10708 | D:10     | Found a snail-covered altar of Cheibriados.
 10827 | D:10     | Gained mutation: Your muscles are strong. (Str +2) [potion of beneficial mutation]
 10856 | Orc:1    | Entered Level 1 of the Orcish Mines
 10856 | Orc:1    | Noticed an orc sorcerer
 10861 | Orc:1    | Gained mutation: Potions and wands are less effective at restoring your health. [a neqoxec]
 10862 | Orc:1    | Killed an orc sorcerer
 11423 | Orc:2    | Entered Level 2 of the Orcish Mines
 11713 | Orc:2    | Found Bumuuc's Magic Scroll Shoppe.
 11723 | Orc:2    | Noticed Sagrath01's ghost (journeyman HuWn)
 11726 | Orc:2    | Noticed an ogre mage
 11726 | Orc:2    | Noticed an ogre mage
 11727 | Orc:2    | Noticed an ogre mage
 11729 | Orc:2    | Noticed an ogre mage
 11736 | Orc:2    | Reached skill level 15 in Axes
 11738 | Orc:2    | Killed an ogre mage
 11740 | Orc:2    | Killed Sagrath01's ghost
 11740 | Orc:2    | Reached XP level 12. HP: 71/122 MP: 11/11
 11743 | Orc:2    | Killed an ogre mage
 11755 | Orc:2    | Killed an ogre mage
 11756 | Orc:2    | Killed an ogre mage
 11761 | Orc:2    | Slain by an ogre

Skill      XL: |  1  2  3  4  5  6  7  8  9 10 11 12 |
---------------+-------------------------------------+-----
Axes           | 4 5 7 8 9 11 12 13 15 16 | 16.3
Fighting       | 4 8 12 14 15 16 | 16.3
Armour         | 4 5 |  5.3
Dodging        | |  2.1

Action                   |  1- 3 |  4- 6 |  7- 9 | 10-12 || total
-------------------------+-------+-------+-------+-------++-------
Melee: Hand axe          |    84 |       |       |       ||    84
       Headbutt          |    13 |     9 |    74 |    52 ||   148
       War axe           |    33 |    61 |   411 |     8 ||   513
       Battleaxe         |       |       |       |   169 ||   169
       Executioner's axe |       |       |       |   135 ||   135
Throw: Tomahawk          |       |       |       |     6 ||     6
       Javelin           |       |       |       |     5 ||     5
Invok: Berserk           |       |     2 |     2 |     2 ||     6
       Trog's Hand       |       |       |     1 |     4 ||     5
  Use: Scroll            |       |       |     7 |     7 ||    14
       Potion            |       |       |       |    12 ||    12
  Eat: Chunk             |     3 |     3 |    25 |    19 ||    50
       Fruit             |       |       |     3 |       ||     3
       Beef jerky        |       |       |       |     1 ||     1
Armor: Leather armour    |    10 |       |       |       ||    10
       Animal skin       |     2 |       |       |       ||     2
       Plate armour      |    56 |    40 |   235 |   205 ||   536
Dodge: Dodged            |    54 |    21 |   114 |   132 ||   321
Block: Buckler           |       |       |    26 |       ||    26
